Map: Ulrena

Players

Itolav - Winner!

  • Race: Protoss Protoss
  • League: Gold

Grumm

  • Race: Zerg Zerg
  • League: Gold

VOD

Have the link to the VOD?

Description

Time

  • Played on: Feb. 18, 2016, 6:01 p.m.
  • Length: 13:49
Show
View Real Time Build Order
Export as new Build Order

Itolav Protoss - Winner!

Build Orders: 1 Gate Expand 

Get SALT Encoding   

  12  0:01  Probe (Chrono Boost)  
  13  0:12  Probe (Chrono Boost)  
  14  0:19  Pylon  
  14  0:22  Probe (Chrono Boost)  
  15  0:39  Gateway  
  15  0:43  Assimilator, Probe (Chrono Boost)  
  16  0:54  Probe (Chrono Boost)  
  17  1:04  Probe (Chrono Boost)  
  18  1:15  Probe (Chrono Boost)  
  19  1:23  Nexus  
  19  1:36  Probe (Chrono Boost)  
  20  1:51  Cybernetics Core, Gateway  
  20  1:56  Pylon  
  20  2:02  Probe (Chrono Boost)  
  20  2:05  Assimilator  
  21  2:16  Probe (Chrono Boost)  
  21  2:19  Zealot  
  24  2:28  Mothership Core (Chrono Boost)  
  26  2:37  Probe (Chrono Boost)  
  27  2:47  Probe (Chrono Boost)  
  27  3:10  Probe (Chrono Boost)  
  27  3:15  Zealot x2  
  27  3:19  Probe (Chrono Boost)  
  32  3:21  Probe (Chrono Boost)  
  33  3:29  Pylon, Probe (Chrono Boost)  
  33  3:31  Probe (Chrono Boost)  
  35  3:39  Pylon  
  35  3:40  Probe (Chrono Boost)  
  36  3:42  Probe (Chrono Boost)  
  36  3:47  Adept  
  36  3:48  Sentry  
  41  3:52  Pylon  
  41  3:57  Probe (Chrono Boost)  
  41  3:58  Assimilator, Probe (Chrono Boost)  
  43  4:08  Stargate, Probe (Chrono Boost)  
  44  4:18  Forge  
  42  4:33  Pylon, Probe x2 (Chrono Boost)  
  44  4:42  Probe (Chrono Boost), Warp Gate (Chrono Boost)  
  44  4:43  Probe  
  46  4:47  Adept x2  
  50  4:54  Oracle  
  51  5:09  Forge  
  51  5:10  Pylon  
  51  5:14  Probe  
  51  5:16  Pylon, Probe  
  53  5:23  Zealot x2  
  53  5:26  Probe  
  58  5:28  Probe  
  58  5:34  Assimilator  
  59  5:38  Gateway  
  59  5:40  Probe  
  59  5:42  Probe  
  61  5:43  Pylon  
  61  5:53  Phoenix  
  63  5:58  Stargate  
  63  6:01  Gateway  
  63  6:28  Phoenix  
  65  6:41  Probe  
  65  6:42  Probe  
  67  6:51  Probe, Adept x3  
  74  6:54  Probe  
  74  6:55  Phoenix x2  
  79  7:04  Stargate  
  79  7:05  Gateway  
  79  7:12  Zealot x3  
  85  7:18  Twilight Council  
  85  7:24  Pylon, Nexus  
  85  7:26  Pylon  
  85  7:42  Phoenix x2, Probe  
  89  7:44  Probe  
  89  7:45  Protoss Air Weapons Level 1 (Chrono Boost)  
  89  7:50  Phoenix  
  93  7:55  Resonating Glaives (Chrono Boost)  
  93  8:07  Phoenix x2  
  93  8:08  Pylon  
  93  8:11  Fleet Beacon  
  97  8:18  Probe x2  
  99  8:23  Gateway  
  99  8:25  Zealot  
  99  8:26  Zealot x2  
  105  8:30  Probe  
  96  9:14  Zealot x4  
  96  9:15  Zealot  
  78  9:53  Zealot x3  
  78  9:54  Zealot x2  
  88  10:02  Gateway x2  
  88  10:05  Gateway  
  88  11:01  Zealot x2  
  88  11:02  Zealot x4  
  100  11:09  Anion Pulse-Crystals  
  100  11:12  Charge (Chrono Boost)  
  100  11:13  Probe x3  
  103  11:23  Probe  
  102  11:25  Probe  
  102  11:26  Pylon, Probe  
  102  11:28  Gateway  
  102  11:39  Zealot x3  
  108  11:50  Pylon  
  108  11:51  Pylon  
  108  12:00  Pylon  
  108  12:02  Nexus  
  108  12:03  Pylon  
  108  12:05  Pylon  
  106  12:22  Zealot x5  
  112  12:23  Zealot  
  96  12:40  Zealot x2  
  100  12:44  Zealot x4  
  100  12:45  Zealot x2  
  112  12:56  Probe  
  112  12:57  Probe  
  112  12:58  Probe  
  115  13:07  Probe  
  115  13:09  Probe  
  115  13:10  Probe  
Show
View Real Time Build Order
Export as new Build Order

Grumm Zerg 

Build Orders: Hatch First, Zergling Baneling 

Get SALT Encoding   

  12  0:27  Hatchery  
  11  0:32  Drone  
  12  0:43  Drone x2  
  14  1:00  Spawning Pool  
  13  1:08  Overlord  
  13  1:13  Drone  
  13  1:15  Extractor  
  13  1:16  Drone  
  14  1:27  Drone  
  15  1:46  Drone x3, Extractor  
  17  1:49  Queen  
  19  2:06  Zergling x6  
  23  2:08  Zergling x2  
  23  2:13  Drone  
  24  2:27  Baneling Nest  
  23  2:35  Zergling x2  
  23  2:36  Zergling x6  
  25  3:03  Zergling x2  
  25  3:04  Zergling x4  
  27  3:26  Overlord  
  27  3:36  Overlord  
  27  3:49  Drone x6  
  27  3:53  Baneling x2  
  27  3:54  Baneling x6  
  27  3:55  Baneling  
  33  4:04  Zergling x4  
  30  4:29  Zergling x14  
  34  4:41  Queen  
  35  5:10  Drone x7  
  42  5:16  Baneling x3  
  42  5:24  Overlord  
  42  5:29  Hatchery  
  41  5:40  Lair  
  41  5:44  Drone x5  
  46  5:50  Extractor  
  46  5:55  Roach Warren  
  44  5:57  Overlord  
  44  5:58  Overlord  
  44  6:00  Drone  
  44  6:03  Drone  
  40  6:13  Spore Crawler  
  29  6:29  Spore Crawler  
  26  6:36  Drone x6  
  32  6:50  Drone x5  
  37  7:04  Roach x3  
  43  7:25  Centrifical Hooks  
  43  7:31  Zergling x2  
  43  7:32  Zergling x14  
  51  7:37  Roach  
  53  7:46  Roach x5  
  63  7:54  Roach  
  63  7:57  Baneling  
  63  7:58  Baneling x3  
  65  8:04  Zergling x2  
  65  8:05  Zergling x6  
  69  8:13  Queen  
  69  8:15  Queen  
  66  9:14  Roach  
  66  9:15  Roach x4  
  66  9:16  Overlord x3  
  56  9:45  Zergling x2  
  44  9:46  Zergling x18  
  44  9:51  Spore Crawler  
  52  9:55  Metabolic Boost  
  52  10:10  Evolution Chamber  
  52  10:12  Evolution Chamber  
  50  10:16  Overlord x4  
  50  10:17  Overlord x2  
  50  10:22  Spore Crawler  
  47  10:32  Zergling x4  
  47  10:33  Zergling x18  
  58  10:44  Overlord  
  58  10:45  Overlord  
  58  10:46  Zergling x2  
  58  10:47  Zergling x2  
  60  10:54  Spore Crawler  
  60  10:56  Spore Crawler  
  58  11:11  Baneling x11  
  58  11:12  Baneling x14  
  27  11:41  Zergling x18  
  32  12:23  Drone  
  32  12:24  Drone x12  
  38  13:03  Roach x4  
  43  13:14  Roach  
  43  13:15  Roach  
Tags
 
Add a new tag
Caveats
  • Supply blocks, unpowered buildings, or Contaminate may cause inaccurate times.
  • Supply counts are checked every 10 seconds.